 Dungeon Crawl Stone Soup version 0.29-a0-870-g2c972031a6 (webtiles) character file.

Game seed: 2037498646557914935

72 spaghetti the Slasher (level 4, -3/23 HPs)
             Began as a Vine Stalker Fighter on July 18, 2022.
             Was an Initiate of Ashenzari.
             Killed by divine providence
             ... invoked by an orc priest
              (11 damage)
             ... on level 3 of the Dungeon.
             The game lasted 00:02:57 (2562 turns).

spaghetti the Slasher (Vine Stalker Fighter)        Turns: 2562, Time: 00:02:58

Health: -3/23      AC:  5    Str: 19    XL:     4   Next: 25%
Magic:  0/5        EV: 10    Int:  8    God:    Ashenzari [......]
Gold:   44         SH:  5    Dex: 15    Spells: 3/3 levels left

rFire   . . .      SeeInvis .   a - +0 long sword {long}
rCold   . . .      Faith    .   c - +0 buckler
rNeg    . . .      Spirit   +   d - +2 animal skin
rPois   .          Reflect  .   l - +0 helmet
rElec   .          Harm     .   (no cloak)
rCorr   .          Rampage  .   (no gloves)
Will    .....                   (no boots)
Stlth   +.........              (no amulet)
HPRegen 0.87/turn               (no ring)
MPRegen 0.09/turn               (no ring)

@: no status effects
A: fangs 2, regeneration 1, magic shield, antimagic bite, no potion heal 2
a: Renounce Religion, Curse Item


You were on level 3 of the Dungeon.
You worshipped Ashenzari.
Ashenzari was noncommittal.
You visited 1 branch of the dungeon, and saw 3 of its levels.

You collected 44 gold pieces.


Innate Abilities, Weirdness & Mutations

You have extremely sharp teeth.
Your natural rate of healing is unusually fast.
When hurt, damage is shared between your health and your magic reserves.
Your bite disrupts and absorbs the magic of your enemies.
Potions cannot restore your health.


   Skills:
 - Level 2.6 Fighting
 + Level 4.0 Long Blades
 - Level 2.4 Armour
 - Level 2.6 Shields


You had 3 spell levels left.
You didn't know any spells.
Your spell library contained the following spells:

 Spells                   Type           Power      Damage    Failure   Level
 Slow                     Hex            0%         N/A       50%         1
 Confusing Touch          Hex            0%         N/A       86%         3
 Vampiric Draining        Necr           0%         2d6       86%         3
 Yara's Violent Unravell  Hex/Tmut       0%         3d3       100%        5
 Enfeeble                 Hex            0%         N/A       100%        7

Inventory:

Hand Weapons
 a - a +0 long sword (weapon) {long}
 i - a +2 vorpal hand axe {axe}
   (You found it on level 1 of the Dungeon)
Missiles
 e - 30 stones (quivered) {throwing}
Armour
 c - a +0 buckler (worn)
 d - a +2 animal skin (worn)
   (You took it off Robin on level 2 of the Dungeon)
 l - a +0 helmet (worn)
   (You took it off Robin on level 2 of the Dungeon)
Scrolls
 b - a scroll of fear {unknown}
 f - a scroll of magic mapping {unknown}
 g - a scroll of summoning {unknown}
 h - 2 scrolls of identify {unknown}
 j - 4 scrolls of enchant armour {unknown}
 k - 2 scrolls of teleportation {unknown}

Dungeon Overview and Level Annotations

Branches:
Dungeon (3/15) Zot: 15400

Altars:
Ashenzari . #. #. #. #. .# #. #.# #.# #.) .o#.. #.. oo.

#.# #o# #.# #@#
###.# #.#
##.#.#####.#
##..........#
#.####.....#####.#
#...........# #.#
###.....## ...
##....# ....
##.#.####...##


You could see 3 orc priests and an orc.


Message History

The jackal barks!
The jackal bites you. 😕 HP[-3]
You take 3 damage, and now have 20/23 hp.
You are too injured to fight recklessly!
You are too injured to fight recklessly!
You are too injured to fight recklessly!
You are too injured to fight recklessly!
You are too injured to fight recklessly!
You are too injured to fight recklessly!
You are too injured to fight recklessly!
You are too injured to fight recklessly!
You are too injured to fight recklessly!
You are too injured to fight recklessly!
A jackal is nearby!
A jackal is nearby!
You barely miss the jackal. You bite the jackal.
You kill the jackal! 😕 HP[+1] 😕 HP[+1]
g - a scroll labelled TODAZO FIXTIO 😎 HP[+1]
Your hp is fully restored (23).
Key pressed, stopping explore.
A jackal comes into view.
A jackal is nearby!
The jackal barks!
The jackal bites you but does no damage.
The jackal closely misses you.
You completely miss the jackal. Your bite misses the jackal.
You block the jackal's attack.
You hit the jackal.
You kill the jackal!
No target in view!
No target in view!
No target in view!
No target in view!
No target in view!
No target in view!
You see here a jackal corpse.
Key pressed, stopping explore.
There is an escape hatch in the floor here.
Key pressed, stopping explore.
Key pressed, stopping explore.
There is an open door here.
There is a stone staircase leading down here.
Done exploring.
(D) Dungeon
Where to? (Enter - D:2, ? - help)
You climb downwards.
There is a stone staircase leading up here.
Unknown command.
j - 3 scrolls labelled WEPPISH TAWOSK
There is a stone staircase leading up here.
k - 2 scrolls labelled LUD QOILECI (gained 1) Ashenzari invites you to partake of a vision and a curse of alchemy and introspection.
Okay, then.
e - 30 stones {throwing} (gained 4)
j - 4 scrolls labelled WEPPISH TAWOSK (gained 1)
You see here a +0 dagger {short}.
Key pressed, stopping explore.
An orc priest comes into view. It is wielding a +0 club.
The orc priest shouts!
You hear a shout!
The orc priest looks encouraged for a moment.
An orc priest comes into view. It is wielding a +0 club.
There are monsters nearby!
The orc priest mumbles some strange prayers to Beogh against you.
Beogh smites you!
The orc priest shouts! 😮 HP[-11] MP[-2]
You take 11 damage, and now have 12/23 hp.
MASSIVE DAMAGE!! (PAUSE)
You lost 2 mp, and now have 3/5 mp.
An orc priest comes into view. It is wielding a +0 hand axe.
An orc comes into view. It is wielding a +0 club.
The orc shouts!
The orc priest shouts!
The orc priest looks encouraged for a moment.
You block the orc priest's attack. 😮 HP[+1]
You hit the orc priest. The orc priest hits you with a +0 club.
An orc priest comes into view. It is wielding a +0 dagger.
You hit the orc priest. Your bite misses the orc priest.
The orc priest calls down the wrath of Beogh upon you.
Pain shoots through your body!
* * * LOW HITPOINT WARNING * * *
😱 HP[-9] MP[-2]
You take 9 damage, and now have 4/23 hp.
MASSIVE DAMAGE!! (PAUSE)
You lost 2 mp, and now have 1/5 mp.
Unknown command.
You aren't carrying any potions.
You barely miss the orc priest.
The orc priest misses you. 😱 HP[+1] MP[+1]
You barely miss the orc priest. 😨 HP[+2]
You regained 2 hp, and now have 7/23 hp.
You hit the orc. Your bite misses the orc.
The orc priest calls down the wrath of Beogh upon you.
Beogh smites you!
You die...

Skill      XL: |  1  2  3  4 |
---------------+-------------+-----
Long Blades    | 2 3 4 |  4.0
Fighting       | |  2.6
Armour         | |  2.4
Shields        | |  2.6

Action                   |  1- 3 |  4- 6 || total
-------------------------+-------+-------++-------
Melee: Long sword        |   107 |    18 ||   125
       Bite              |    21 |     3 ||    24
  Use: Potion            |     1 |       ||     1
Armor: Scale mail        |     9 |       ||     9
       Chain mail        |    61 |       ||    61
       Animal skin       |       |     8 ||     8
Dodge: Dodged            |    33 |     9 ||    42
Block: Buckler           |    25 |     6 ||    31

Levels and vault maps discovered:
D:1:      dpeg_arrival_line_fractal, layout_basic,
          hellmonk_ecumenical_altar_zigzags
D:2:      layout_basic, uniq_robin
D:3:      layout_loops_ring, marbit_many_paths

Notes
Turn   | Place    | Note
-------+----------+-------------------------------------------
     0 | D:1      | spaghetti the Vine Stalker Fighter began the quest for the
                  | Orb.
     0 | D:1      | Reached XP level 1. HP: 11/11 MP: 2/2
     0 | D:1      | magus.rc [v1.9.6]
   167 | D:1      | Reached skill level 2 in Long Blades
   243 | D:1      | Found a faded altar of an unknown god.
   252 | D:1      | Prayed at the altar of an unknown god.
   252 | D:1      | Became a worshipper of Ashenzari the Shackled
   334 | D:1      | You pick up a book of Misfortune and begin reading...
   334 | D:1      | You add the spells Confusing Touch, Yara's Violent
                  | Unravelling and Enfeeble to your library.
   433 | D:1      | Reached XP level 2. HP: 14/16 MP: 1/3
  1119 | D:2      | HP: 4/16 [frozen (3)]
  1316 | D:2      | Reached skill level 3 in Long Blades
  1333 | D:2      | Reached XP level 3. HP: 8/19 MP: 4/4
  2008 | D:2      | Noticed Robin
  2026 | D:2      | Killed Robin
  2027 | D:2      | Gained mutation: Your natural rate of healing is unusually
                  | fast. [Vine Stalker growth]
  2027 | D:2      | Reached XP level 4. HP: 10/23 MP: 5/5
  2119 | D:2      | You pick up a book of Debilitation and begin reading...
  2119 | D:2      | You add the spells Slow and Vampiric Draining to your
                  | library.
  2243 | D:2      | Reached skill level 4 in Long Blades
  2248 | D:2      | You pick up a book of Misfortune and begin reading...
  2559 | D:3      | HP: 4/23 [orc priest/nerve-wracking pain (10)]
  2562 | D:3      | Killed from afar by an orc priest

Vanquished Creatures
  Robin (D:2)
  An adder (D:2)
  A worm (D:2)
  4 ball pythons
  An endoplasm (D:2)
  A giant cockroach (D:1)
  8 hobgoblins
  2 jackals (D:2)
  A quokka (D:2)
  6 bats
  2 frilled lizards
  9 goblins (D:2)
  4 kobolds
  5 rats (D:1)
46 creatures vanquished.

Table legend:
 A = Non-vault XP
 B = Vault XP
 C = Vault XP percentage of total XP
 D = Non-vault monster count
 E = Vault monster count
 F = Vault count percentage of total count
                 A         B        C        D         E       F
            +---------+---------+-------+---------+---------+-------
      Total |      68 |      35 |  34.0 |      34 |      12 |  26.1
            +---------+---------+-------+---------+---------+-------
        D:1 |      21 |       0 |   0.0 |      15 |       0 |   0.0
        D:2 |      47 |      35 |  42.7 |      19 |      12 |  38.7
            +---------+---------+-------+---------+---------+-------

Illustrated notes

Table legend:
 A = Kills in this place as a percentage of kills in entire the game.
 B = Kills by you in this place as a percentage of kills by you in the entire game.
 C = Kills by friends in this place as a percentage of kills by friends in the entire game.
 D = Other kills in this place as a percentage of other kills in the entire game.
 E = Experience gained in this place as a percentage of experience gained in the entire game.
 F = Experience gained in this place divided by the number of levels of this place that you have seen.
                   A       B       C       D       E      F
               +-------+-------+-------+-------+-------+----------------------
         Total | 100.0 | 100.0 |   N/A |   N/A | 100.0 |  34.3
       Dungeon | 100.0 | 100.0 |   N/A |   N/A | 100.0 |  34.3
               +-------+-------+-------+-------+-------+----------------------

Table legend: (Time is in decaauts)
 A = Elapsed time spent in this place.
 B = Non-inter-level travel time spent in this place.
 C = Inter-level travel time spent in this place.
 D = Time resting spent in this place.
 E = Time spent auto-exploring this place.
 F = Levels seen in this place.
 G = Mean time per level.
                   A        B        C        D        E       F      G
               +--------+--------+--------+--------+--------+-----+--------+
         Total |   2598 |   2593 |      5 |     15 |   2238 |   3 |  866.0 |
       Dungeon |   2598 |   2593 |      5 |     15 |   2238 |   3 |  866.0 |
               +--------+--------+--------+--------+--------+-----+--------+

Top non-repeatable levels by time:
     D:2: 1429 daAuts
     D:1: 1121 daAuts
     D:3: 47 daAuts
